 Dungeon Crawl Stone Soup version 0.31-a0-479-g91c9547826 (webtiles) character file.

Game seed: 14979977883912120496

29 Morbidden the Gusty (level 3, -1/25 HPs)
             Began as a Demonspawn Air Elementalist on Aug 7, 2023.
             Frozen to death by an endoplasm (5 damage)
             ... on level 2 of the Dungeon.
             The game lasted 00:01:23 (988 turns).

Morbidden the Gusty (Demonspawn Air Elementalist)    Turns: 988, Time: 00:01:24

Health: -1/25      AC:  3    Str:  8    XL:     3   Next: 1%
Magic:  2/6        EV: 12    Int: 18    God:
Gold:   52         SH:  4    Dex: 19    Spells: 3/6 levels left

rFire   . . .        a - +0 dagger
rCold   . . .        (no shield)
rNeg    . . .        h - +0 robe
rPois   .            (no helmet)
rElec   .            (no cloak)
rCorr   .            n - +0 pair of gloves
SInv    .            (no boots)
Will    .....        (no amulet)
Stlth   ++           c - +6 ring of dexterity
HPRegen 0.24/turn    (no ring)
MPRegen 0.10/turn

%: no passive effects
@: no status effects
A: large bone plates 1
a: no special abilities


You were on level 2 of the Dungeon.
You visited 1 branch of the dungeon, and saw 2 of its levels.

You collected 52 gold pieces.

Inventory:

Hand Weapons
 a - a +0 dagger (weapon)
Armour
 h - a +0 robe (worn)
 n - a +0 pair of gloves (worn)
Jewellery
 c - a +6 ring of dexterity (left hand)
Scrolls
 d - 2 scrolls of fear {unknown}
 e - 2 scrolls of silence {unknown}
 g - a scroll of identify {unknown}
 j - a scroll of brand weapon {unknown}
 k - a scroll of teleportation {unknown}
Potions
 b - 2 potions of magic
 f - a potion of enlightenment {unknown}
 i - a potion of curing {unknown}
 l - a potion of brilliance {unknown}
 m - a potion of mutation {unknown}


   Skills:
 * Level 0.4 Fighting
 * Level 0.2 Short Blades
 * Level 1.8 Dodging
 + Level 1.8 Stealth
 * Level 2.3 Spellcasting
 * Level 1.2 Conjurations
 * Level 3.2 Air Magic


You had 3 spell levels left.
You knew the following spells:

 Your Spells              Type           Power      Damage    Failure   Level
a - Shock                 Conj/Air       40%        1d5       7%          1
b - Static Discharge      Conj/Air       20%        2-3/arc   11%         2

Your spell library contained the following spells:

 Spells                   Type           Power      Damage    Failure   Level
 Swiftness                Air            13%        N/A       14%         3
 Airstrike                Air            6%         2d(1-17)  41%         4


Dungeon Overview and Level Annotations

Branches:
Dungeon (2/15)

Altars:
Xom

Shops:
D:1 :

Annotations:
D:2 Sigmund


Innate Abilities, Weirdness & Mutations

You are partially covered in large bone plates. (SH +4)


Message History

The endoplasm quivers.
You hit the worm.
The worm is severely wounded.
The worm bites you but does no damage.
You hit the worm.
The worm is severely wounded.
You hit the worm but do no damage.
The worm is severely wounded.
The worm bites you!
* * * LOW HITPOINT WARNING * * *
You are too injured to fight recklessly!
Casting: Shock (safe; 7% risk of failure)
Confirm with . or Enter, or press ? or * to list all spells.
Aiming: Shock (safe; 7% risk of failure)
Press: ? - help, Shift-Dir - straight line, f/p - worm
Aim: a worm (severely wounded, 89% to hit)
The zap hits the worm.
The worm is almost dead.
The endoplasm hits you.
* * * LOW HITPOINT WARNING * * *
The worm barely misses you.
Unknown command.
Unknown command.
Unknown command.
The endoplasm attacks as you move away! The endoplasm closely misses you.
The endoplasm attacks as you move away! The endoplasm closely misses you.
The endoplasm attacks as you move away!
The endoplasm hits you but does no damage.
The endoplasm attacks as you move away! The endoplasm hits you.
The endoplasm attacks as you move away! The endoplasm closely misses you.
The endoplasm attacks as you move away! The endoplasm hits you.
* * * LOW HITPOINT WARNING * * *
The endoplasm attacks as you move away! The endoplasm barely misses you.
There is a stone staircase leading up here.
You hit the endoplasm but do no damage. The endoplasm hits you.
* * * LOW HITPOINT WARNING * * *
Unknown command.
The endoplasm freezes you.
You are frozen.
You die...

.............##.....#
..<..........#......#
....................#
.........÷.....(....#
..........w....÷.)..#
..............#######
##.######.###.####
.....###..# #..J.##
..#..##..## ####@.#
.###....##### ##.##
## ##.#.....# #..#
#.#.###.### ##.#
#...# #...####.#
..#### ###...##.# ###
###....## ###...#
#####


You could see a worm and an endoplasm.

Vanquished Creatures
  An adder (D:2)
  A dart slug (D:2)
  A ball python (D:2)
  An endoplasm (D:1)
  3 giant cockroaches (D:1)
  4 goblins
  2 frilled lizards
  3 kobolds
  A rat (D:2)
17 creatures vanquished.

Notes
Turn   | Place    | Note
-------+----------+-------------------------------------------
     0 | D:1      | Morbidden the Demonspawn Air Elementalist began the quest
                  | for the Orb.
     0 | D:1      | Reached XP level 1. HP: 13/13 MP: 3/3
   216 | D:1      | Found Xiadedgha's Book Boutique.
   428 | D:1      | Reached skill level 3 in Air Magic
   504 | D:1      | Gained mutation: You are partially covered in large bone
                  | plates. (SH +4) [demonic ancestry]
   504 | D:1      | Reached XP level 2. HP: 19/19 MP: 0/5
   737 | D:2      | Found a shimmering altar of Xom.
   841 | D:2      | Reached XP level 3. HP: 25/25 MP: 3/6
   844 | D:2      | Learned a level 2 spell: Static Discharge
   888 | D:2      | Noticed Sigmund
   988 | D:2      | Frozen to death by an endoplasm

Illustrated notes

Levels and vault maps discovered:
D:1:      evilmike_arrival_plus, layout_rooms, serial_shops, shop
D:2:      layout_rooms, basic_altar, nicolae_underground_beach, uniq_jessica,
          uniq_crazy_yiuf_cottage, uniq_sigmund

Skill      XL: |  1 |
---------------+----+-----
Air Magic      | 3 |  3.2
Fighting       | |  0.4
Short Blades   | |  0.2
Dodging        | |  1.8
Stealth        | |  1.8
Spellcasting   | |  2.3
Conjurations   | |  1.2

Action                     || total
---------------------------++-------
  Melee: Dagger            ||    15
   Cast: Shock             ||    38
   Stab: Distracted        ||     1
 Armour: Robe              ||     3
  Dodge: Dodged            ||     8

Table legend: (Time is in decaauts)
 A = Elapsed time spent in this place.
 B = Non-inter-level travel time spent in this place.
 C = Inter-level travel time spent in this place.
 D = Time resting spent in this place.
 E = Time spent auto-exploring this place.
 F = Levels seen in this place.
 G = Mean time per level.
                   A        B        C        D        E       F      G
               +--------+--------+--------+--------+--------+-----+--------+
         Total |    987 |    913 |     74 |      4 |    727 |   2 |  493.5 |
       Dungeon |    987 |    913 |     74 |      4 |    727 |   2 |  493.5 |
               +--------+--------+--------+--------+--------+-----+--------+

Top non-repeatable levels by time:
     D:1: 733 daAuts
     D:2: 254 daAuts
